 Dungeon Crawl Stone Soup version 0.12.3 (webtiles) character file.

2789 Chiseanne the Thaumaturge (level 9, -1/41 HPs)
             Began as a Spriggan Summoner on Sept 27, 2013.
             Was a Believer of Sif Muna.
             Slain by a goliath beetle (25 damage)
             ... on Level 8 of the Dungeon.
             The game lasted 00:50:56 (10706 turns).

Chiseanne the Thaumaturge (Spriggan Summoner)      Turns: 10706, Time: 00:50:56

HP  -1/41        AC  2     Str  4      XL: 9   Next: 21%
MP   5/28        EV 21     Int 19      God: Sif Muna [**....]
Gold 424         SH  0     Dex 19      Spells:  6 memorised,  6 levels left

Res.Fire  : . . .   See Invis. : +   a - +4,+0 whip of Undoing {distort, +Rage rEle Res.Cold : . . . Warding : . m - +0 robe Life Prot.: + . . Conserve : . (shield restricted)
Res.Poison: .       Res.Corr.  : .   (helmet restricted)
Res.Elec. : +       Clarity    : .   (no cloak)
Sust.Abil.: . .     Spirit.Shd : .   (gloves unavailable)
Res.Mut.  : .       Stasis     : .   (boots unavailable)
Res.Rott. : .       Ctrl.Telep.: .   (no amulet)
Saprovore : . . .   Flight     : .   (no ring)
                                     (no ring)

@: very quick, quite resistant to hostile enchantments, quite stealthy
A: unfitting armour, see invisible, herbivore 3, speed 3, slow metabolism 2
a: Channel Energy, Forget Spell, Renounce Religion, Evoke Berserk Rage


You were on level 8 of the Dungeon.
You worshipped Sif Muna.
Sif Muna was greatly pleased with you.
You were very hungry.

You visited 2 branches of the dungeon, and saw 9 of its levels.

You collected 404 gold pieces.

Inventory:

Hand weapons
 a - the +4,+0 whip of Undoing (weapon) {distort, +Rage rElec rN+ Dex+2}
   (You found it on level 6 of the Dungeon)

   It warps and distorts space around it.
   Unwielding it can cause banishment or high damage.
   It affects your dexterity (+2).
   It insulates you from electricity.
   It protects you from negative energy.
   It lets you go berserk.
 c - a +0,+0 orcish anti-magic long sword
 e - a +3,+1 dwarven short sword of speed
Missiles
 b - 17 sling bullets
 f - 2 darts (quivered)
Armour
 m - a +0 robe (worn)
Comestibles
 j - 10 bread rations
 w - a royal jelly
 B - 2 pears
Scrolls
 i - 3 scrolls of remove curse
 u - 6 scrolls of identify
 D - 3 scrolls of blinking
Potions
 d - 3 potions of curing
 C - a potion of heal wounds
Books
 g - a book of Dreams

   Spells                             Type                      Level
   Ensorcelled Hibernation            Hexes/Ice                    2
   Flight                             Charms/Air                   3
   Phase Shift                        Translocation                5
   *Shadow Creatures                  Summoning                    5
   Mass Confusion                     Hexes                        6
   Darkness                           Hexes                        7


   Skills:
 - Level 2.2 Fighting
 * Level 1.0 Maces & Flails
 * Level 5.3 Dodging
 - Level 3.9 Stealth
 * Level 8.7 Spellcasting
 * Level 6.6 Summonings
 * Level 1.4 Invocations
 * Level 3.0 Evocations


You had 6 spell levels left.
You knew the following spells:

 Your Spells              Type           Power        Failure   Level  Hunger
a - Summon Small Mammals  Summ           #####        1%          1    None
b - Call Imp              Summ           #####.....   1%          2    None
c - Call Canine Familiar  Summ           #####.....   1%          3    None
d - Summon Ice Beast      Ice/Summ       ####......   21%         4    ###....
e - Summon Scorpions      Summ/Pois      ####......   21%         4    ###....
f - Shadow Creatures      Summ           N/A          17%         5    ####...


Dungeon Overview and Level Annotations

Branches:
Dungeon (8/27)             Temple (1/1) D:7
    Orc: D:6-11        Lair: D:8-13

Altars:
Ashenzari
Cheibriados
Elyvilon
Fedhas
Kikubaaqudgha
Nemelex Xobeh
Okawaru
Sif Muna
Trog
Vehumet
Xom
Yredelemnul
Zin
the Shining One


Innate Abilities, Weirdness & Mutations

You are tiny and cannot use many weapons and most armour.
You have supernaturally acute eyesight.
You are a herbivore.
You cover ground extremely quickly.
You need consume almost no food.


Message History

A metallic apparition takes form in the air.
Casting: Call Imp
Confirm with . or Enter, or press ? or * to list all spells.
A beastly little devil appears in a puff of flame.
Casting: Call Imp
Confirm with . or Enter, or press ? or * to list all spells.
A beastly little devil appears in a puff of frigid air.
You swap places.
You swap places.
You swap places.
You hit the goliath beetle but do no damage.
The goliath beetle looks slightly unstable.
The goliath beetle is lightly wounded.
Your crimson imp hits the goliath beetle.
You hit the goliath beetle.
Space bends around the goliath beetle.
The goliath beetle is moderately wounded.
Your crimson imp hits the goliath beetle.
The goliath beetle bites you!
Ouch! That really hurt!
You die...

#...#.# #.# #..##.#.# #.#
....#.####.######..##.#.####.####
....................>..C...B.....
......###########..##.#.####..###
....#..........%.......%####..###
...#############......%..........
............# #......#..........
........###.####B..####.#####)###
....(....55.55.5@..# #.....#.#
.#.##.#.###.####.### #.#####.#
.#.##.#.# #.# #.# ##+#####.#
......... #.####.#####........#
.#..#.#. #........5.55.......#
.#..#.#.. ############5.......#
.#..#.#..# #########........#
......... ........'........#
.#.... . #########.......##


You could see a goliath beetle, a friendly iron imp, friendly 2 crimson imps and
friendly 2 white imps.

Vanquished Creatures
  A spriggan (D:7)
  An ogre (D:6)
  A centaur (D:7)
  2 iguanas
  3 orc wizards
  A worker ant (D:3)
  Jessica (D:2)
  3 adders
  2 giant mites
  2 worms
  2 giant eyeballs (D:4)
  3 giant geckos
  11 orcs
  4 bats
  5 goblins
  7 hobgoblins
  8 jackals
  3 kobolds
  3 giant cockroaches
  4 giant newts
  A giant spore (D:6)
  2 orc skeletons (D:6)
  A quokka (D:8)
  5 rats
  A ballistomycete (D:6)
77 creatures vanquished.

Vanquished Creatures (collateral kills)
  The ghost of Turgon the Ruffian, an experienced TrSk of Nemelex Xobeh (D:6)
  2 necrophages
  Edmund (D:4)
  A soldier ant (D:7)
  An orc warrior (D:6)
  3 phantoms
  2 ice beasts
  A centaur (D:5)
  3 ogres
  Duvessa (D:5)
  2 giant frogs
  A gnoll sergeant (D:5)
  Blork the orc (D:7)
  4 killer bees
  2 goliath beetles
  Dowan (D:5)
  3 crimson imps
  2 scorpions (D:7)
  2 quasits (D:7)
  2 orc priests (D:5)
  3 hounds
  A shadow (D:8)
  6 worker ants
  2 iguanas (D:7)
  An orc wizard (D:5)
  A jelly (D:6)
  A giant centipede (D:7)
  3 gnolls (D:5)
  8 adders
  An inept feature mimic (D:5)
  7 giant mites
  4 worms
  A bat skeleton (D:5)
  A giant eyeball (D:5)
  An ooze (D:3)
  6 orcs
  3 giant cockroaches
  6 goblins
  6 hobgoblins
  10 kobolds
  A quokka (D:4)
  3 ball pythons
  6 bats
  2 giant newts
  7 jackals
  4 rats
131 creatures vanquished.

Vanquished Creatures (others)
  A war dog (D:7)
  A giant frog (D:8)
  39 crimson imps
  2 hounds
  3 iron imps
  A worker ant (D:8)
  A giant mite (D:7)
  23 shadow imps
  24 white imps
  3 grey rats
  4 orcs
  5 jackals
  A kobold (D:8)
  A bat (D:2)
  A giant spore (D:8)
  An orc zombie (D:6)
  9 rats
  A ballistomycete (D:8)
121 creatures vanquished.

Grand Total: 329 creatures vanquished

Notes
Turn   | Place    | Note
--------------------------------------------------------------
     0 | D:1      | Chiseanne, the Spriggan Summoner, began the quest for the Orb.
     0 | D:1      | Reached XP level 1. HP: 9/9 MP: 4/4
   329 | D:1      | Reached XP level 2. HP: 7/13 MP: 6/6
   921 | D:1      | Learned a level 2 spell: Call Imp
  1191 | D:2      | Reached XP level 3. HP: 16/16 MP: 7/9
  1198 | D:2      | Learned a level 3 spell: Call Canine Familiar
  1319 | D:2      | Found a deep blue altar of Sif Muna.
  1356 | D:2      | Became a worshipper of Sif Muna the Loreminder
  1700 | D:2      | Noticed Jessica
  1718 | D:2      | Killed Jessica
  1718 | D:2      | Reached skill level 1 in Fighting
  1718 | D:2      | Reached XP level 4. HP: 21/21 MP: 10/12
  1959 | D:2      | Reached skill level 4 in Summonings
  2548 | D:3      | Reached XP level 5. HP: 19/24 MP: 1/15
  2710 | D:3      | Noticed a giant frog
  2717 | D:3      | Killed a giant frog
  3132 | D:4      | Noticed Edmund
  3157 | D:4      | Killed Edmund
  3172 | D:4      | Noticed an ogre
  3191 | D:4      | Killed an ogre
  3191 | D:4      | Reached XP level 6. HP: 27/29 MP: 2/18
  3200 | D:4      | Learned a level 4 spell: Summon Ice Beast
  3671 | D:5      | Entered Level 5 of the Dungeon
  3727 | D:5      | Noticed Dowan
  3740 | D:5      | Noticed Duvessa
  3747 | D:5      | Killed Duvessa
  3747 | D:5      | Acquired Sif Muna's first power
  3757 | D:5      | Killed Dowan
  3757 | D:5      | Reached skill level 5 in Summonings
  3790 | D:5      | Reached skill level 5 in Spellcasting
  3796 | D:5      | Learned a level 4 spell: Summon Scorpions
  4246 | D:5      | Reached XP level 7. HP: 32/32 MP: 8/21
  4247 | D:5      | Found an ancient bone altar of Kikubaaqudgha.
  4299 | D:5      | Paralysed by a giant eyeball for 4 turns
  4742 | D:5      | Paralysed by a potion of paralysis for 7 turns
  5101 | D:5      | Reached skill level 6 in Spellcasting
  5310 | D:6      | Noticed Turgon's ghost (experienced TrSk)
  5338 | D:6      | Killed Turgon's ghost
  5644 | D:6      | Acquired Sif Muna's second power
  6058 | D:6      | Reached skill level 7 in Spellcasting
  6058 | D:6      | Reached XP level 8. HP: 35/37 MP: 25/25
  6374 | D:6      | Got a transparent whip
  6410 | D:6      | Identified the +4,+0 whip of Undoing {distort, +Rage rElec rN+ Dex+2} (You found it on level 6 of the Dungeon)
  7207 | D:7      | Reached skill level 1 in Evocations
  7726 | D:7      | Noticed a spriggan baker
  7869 | D:7      | Killed a spriggan baker
  7869 | D:7      | Reached skill level 5 in Dodging
  7869 | D:7      | Reached skill level 8 in Spellcasting
  8079 | D:7      | Found a staircase to the Ecumenical Temple.
  8137 | Temple   | Entered the Ecumenical Temple
  8653 | D:7      | Found a glowing golden altar of the Shining One.
  8670 | D:7      | Noticed Blork the orc
  8687 | D:7      | Killed Blork the orc
  9092 | D:7      | Reached skill level 1 in Invocations
  9124 | D:7      | Reached XP level 9. HP: 22/41 MP: 1/27
  9552 | D:7      | Reached skill level 1 in Maces & Flails
 10144 | D:8      | Found a blossoming altar of Fedhas.
 10319 | D:8      | Learned a level 5 spell: Shadow Creatures
 10551 | D:8      | Noticed a cyclops
 10706 | D:8      | Slain by a goliath beetle

Action                   |  1- 3 |  4- 6 |  7- 9 || total
-------------------------+-------+-------+-------++-------
Melee: Short sword       |    32 |       |       ||    32
       Dagger            |    26 |   132 |   128 ||   286
       Whip              |       |       |   105 ||   105
Throw: Dart              |     2 |     1 |     6 ||     9
 Cast: Summon Small Mamm |    44 |     1 |     1 ||    46
       Call Imp          |     2 |    70 |   284 ||   356
       Call Canine Famil |       |     1 |    21 ||    22
       Shadow Creatures  |       |       |     1 ||     1
Invok: Channel Energy    |       |       |    26 ||    26
  Use: Potion            |       |     3 |     8 ||    11
       Scroll            |       |       |    12 ||    12
 Stab: Sleeping          |     6 |     2 |     4 ||    12
       Distracted        |     1 |     3 |     4 ||     8
